 Dungeon Crawl Stone Soup version 0.31-a0-233-g139696dc86 (webtiles) character file.

Game seed: 3501714466282542281

201 qw the Shooter (level 5, -2/32 HPs)
             Began as a Gargoyle Hexslinger on July 8, 2023.
             Slain by a black bear (8 damage)
             ... on level 4 of the Dungeon.
             The game lasted 00:01:00 (2108 turns).

qw the Shooter (Gargoyle Hexslinger)                Turns: 2108, Time: 00:01:01

Health: -2/32      AC: 14    Str: 15    XL:     5   Next: 79%
Magic:  6/6        EV: 11    Int: 12    God:
Gold:   212        SH:  0    Dex: 14    Spells: 5/6 levels left

rFire   . . .        Y - +2 sling
rCold   . . .        (no shield)
rNeg    + + .        b - +0 ring mail
rPois   inf          (no helmet)
rElec   +            (no cloak)
rCorr   .            e - +4 pair of gloves of the Rose {rPois Str+4 Int-2}
SInv    .            (no boots)
Will    .....        (no amulet)
Stlth   +            c - ring of positive energy
HPRegen 0.25/turn    (no ring)
MPRegen 0.10/turn

%: no passive effects
@: no status effects
A: sickness immunity, AC +4, negative energy resistance 1, electricity
resistance, torment resistance 1, petrification resistance
a: no special abilities


You were on level 4 of the Dungeon.
You visited 1 branch of the dungeon, and saw 4 of its levels.

You collected 212 gold pieces.


Innate Abilities, Weirdness & Mutations

You are immune to sickness and miasma.
Your stone body is resilient. (AC +4)
You are immune to poison.
You resist negative energy. (rN+)
You are resistant to electric shocks. (rElec)
You are resistant to unholy torment.
You are immune to petrification.


   Skills:
 - Level 3.0 Fighting
 + Level 5.0 Ranged Weapons
 - Level 1.0 Armour
 - Level 1.5 Dodging
 - Level 1.0 Spellcasting
 - Level 2.6 Hexes


You had 5 spell levels left.
You knew the following spells:

 Your Spells              Type           Power      Damage    Failure   Level
a - Slow                  Hex            28%        N/A       21%         1

Your spell library contained the following spells:

 Spells                   Type           Power      Damage    Failure   Level
 Inner Flame              Hex/Fire       3%         N/A       71%         3
 Portal Projectile        Hex/Tloc       6%         N/A       71%         3
 Cause Fear               Hex            3%         N/A       89%         4

Inventory:

Hand Weapons
 Y - a +2 sling (weapon)
Armour
 b - a +0 ring mail (worn)
 e - the +4 pair of gloves of the Rose (worn) {rPois Str+4 Int-2}
   (You found it on level 3 of the Dungeon)

   Str:       It affects your strength (+4).
   Int:       It affects your intelligence (-2).
   rPois:     It protects you from poison.
Jewellery
 c - a ring of positive energy (left hand)
 d - a ring of fire
Scrolls
 f - a scroll of identify
 h - a scroll of teleportation
Potions
 a - a potion of haste {unknown}
 g - a potion of curing {unknown}
 i - a potion of heal wounds {unknown}
 j - a potion of enlightenment {unknown}

Dungeon Overview and Level Annotations

Branches:
Dungeon (4/15)
 Temple: D:4-7

Altars:
Cheibriados

Shops:
D:1 ?


Message History

The black bear closely misses you.
The black bear claws you but does no damage. x2
You shoot a sling bullet.
The sling bullet closely misses the black bear.
The black bear bites you but does no damage.
The black bear closely misses you.
The black bear claws you but does no damage.
The black bear bites you but does no damage.
The black bear claws you but does no damage.
The black bear barely misses you.
You shoot a sling bullet. The sling bullet hits the black bear.
The black bear is almost dead.
The black bear bites you but does no damage.
The black bear claws you. x2; The black bear misses you. x2
The black bear barely misses you.
You shoot a sling bullet. The sling bullet hits the black bear.
The black bear is almost dead.
The black bear bites you but does no damage.
The black bear closely misses you. The black bear barely misses you.
The black bear closely misses you. The black bear claws you.
The black bear misses you.
You shoot a sling bullet. The sling bullet hits the black bear.
The black bear is almost dead.
The black bear barely misses you.
The black bear claws you but does no damage.
The black bear barely misses you.
The black bear bites you but does no damage.
The black bear claws you but does no damage.
The black bear closely misses you.
You shoot a sling bullet. The sling bullet hits the black bear.
The black bear is almost dead.
The black bear closely misses you. x2
The black bear claws you but does no damage.
You shoot a sling bullet.
The sling bullet hits the black bear but does no damage.
The black bear is almost dead.
The black bear misses you. The black bear claws you.
The black bear claws you but does no damage.
The black bear bites you!
You die...

.#......#.##.# ..
.........#....#.######
... #..###...........
# ..###.....##..###...
.. ##..#.......#..#
...#...........)..#
........#.....##..#
.......!##...###..#
.......@#.....##..#
...#..h............
##..#.......#.###
....###.....##(# .....
..###..#.. ...... ....
.... #.... #.....
...## ##...
#.........# #...... .#


You could see a black bear (berserk).

Vanquished Creatures
  An orc wizard (D:3)
  4 gnolls (D:3)
  7 adders
  A worm (D:2)
  A dart slug (D:3)
  3 orcs (D:3)
  9 ball pythons
  2 endoplasms (D:2)
  4 giant cockroaches
  5 goblins
  6 hobgoblins
  8 jackals
  2 quokkas
  4 bats
  4 frilled lizards
  7 kobolds
  2 rats
70 creatures vanquished.

Notes
Turn   | Place    | Note
-------+----------+-------------------------------------------
     0 | D:1      | qw the Gargoyle Hexslinger began the quest for the Orb.
     0 | D:1      | Reached XP level 1. HP: 12/12 MP: 2/2
     0 | D:1      | 0 ||| qw: Version: 0.3-a-46-gb1f654a
     0 | D:1      | 0 ||| qw: Game counter: 3540
     0 | D:1      | 0 ||| qw: Melee chars always use a shield: true
     0 | D:1      | 0 ||| qw: God list: Okawaru
     0 | D:1      | 0 ||| qw: Allow faded altars: false
     0 | D:1      | 0 ||| qw: Do Orc after clearing Dungeon:15 true
     0 | D:1      | 0 ||| qw: Do second Lair branch before Depths: true
     0 | D:1      | 0 ||| qw: Lair rune preference: random
     0 | D:1      | 0 ||| qw: Goals: Normal
     0 | D:1      | 0 ||| PLANNING D:1-11
   245 | D:1      | Reached XP level 2. HP: 16/16 MP: 3/3
   298 | D:1      | Found The Oracle's Delphic Readings.
   302 | D:1      | 302 ||| SHOPLISTING scroll of identify (28 gold, have 0).
   302 | D:1      | 302 ||| SHOPLISTING scroll of teleportation (42 gold, have
                  | 0).
   565 | D:1      | 565 ||| UPGRADING to +0 leather armour.
   575 | D:1      | 575 ||| DROPPING +0 robe.
   576 | D:1      | 576 ||| DROPPING ring of magical power.
   577 | D:1      | 577 ||| READING scroll labelled QYL DEDGHOSO.
   578 | D:1      | 578 ||| READING scroll labelled WOIGEW IRHAGHIED.
   579 | D:1      | 579 ||| READING 2 scrolls labelled PEOKUJ VEUMI.
   583 | D:1      | 583 ||| DROPPING scroll of poison.
   620 | D:2      | Reached skill level 3 in Ranged Weapons
   628 | D:2      | Found a snail-covered altar of Cheibriados.
   700 | D:2      | Reached XP level 3. HP: 17/21 MP: 4/4
   906 | D:2      | Reached XP level 4. HP: 17/26 MP: 5/5
  1033 | D:2      | Reached skill level 4 in Ranged Weapons
  1274 | D:2      | 1274 ||| UPGRADING to +0 ring mail.
  1284 | D:2      | 1284 ||| DROPPING +0 leather armour.
  1285 | D:2      | 1285 ||| UPGRADING to ring of positive energy.
  1286 | D:2      | 1286 ||| READING scroll labelled RUDUGO GEAGGET.
  1287 | D:2      | 1287 ||| READING scroll labelled VEIMMO JOTYCU.
  1288 | D:2      | 1288 ||| READING scroll labelled MOAMAG KEWNOF.
  1289 | D:2      | 1289 ||| READING scroll labelled FALUMY XOJAY.
  1349 | D:3      | Reached skill level 1 in Armour
  1371 | D:3      | Reached XP level 5. HP: 13/30 MP: 6/6
  1445 | D:3      | Identified the +4 pair of gloves of the Rose {rPois Str+4
                  | Int-2}
  1645 | D:3      | Reached skill level 5 in Ranged Weapons
  1831 | D:3      | 1831 ||| Stepping ~*~*~tactically~*~*~ (water).
  1907 | D:3      | 1907 ||| UPGRADING to +4 pair of gloves of the Rose {rPois
                  | Str+4 Int-2}.
  2081 | D:4      | Reached skill level 3 in Fighting
  2093 | D:4      | Noticed a black bear
  2108 | D:4      | HP: 6/32 [black bear (5)]
  2108 | D:4      | Slain by a black bear

Levels and vault maps discovered:
D:1:      saegor_arrival_miasma, layout_basic, nicolae_nh_oracle_at_delphi
D:2:      layout_rooms, basic_altar, kennysheep_minor_cross, hex_large
D:3:      layout_rooms, chequers_serial_rivers_small_b, minmay_misc_feat_columns
D:4:      nicolae_cairo_tiling_large_dashed, layout_basic,
          gammafunk_ghost_smash, chequers_decorated_corner, saegor_snake_ambush,
          uniq_menkaure

Skill      XL: |  1  2  3  4  5 |
---------------+----------------+-----
Ranged Weapons | 3 4 5 |  5.0
Fighting       | 2 3 |  3.0
Armour         | 1 |  1.0
Dodging        | |  1.5
Spellcasting   | |  1.0
Hexes          | |  2.6

Action                     |  1- 3 |  4- 6 || total
---------------------------+-------+-------++-------
   Fire: Sling             |   100 |   154 ||   254
    Use: Scroll            |     3 |     4 ||     7
 Armour: Robe              |     4 |       ||     4
         Leather armour    |    19 |     2 ||    21
         Ring mail         |       |    41 ||    41
  Dodge: Dodged            |    37 |    66 ||   103

Table legend:
 A = Non-vault XP
 B = Vault XP
 C = Vault XP percentage of total XP
 D = Non-vault monster count
 E = Vault monster count
 F = Vault count percentage of total count
                 A         B        C        D         E       F
            +---------+---------+-------+---------+---------+-------
      Total |     285 |       3 |   1.0 |      68 |       2 |   2.9
            +---------+---------+-------+---------+---------+-------
        D:1 |      15 |       3 |  16.7 |       9 |       2 |  18.2
        D:2 |      92 |       0 |   0.0 |      27 |       0 |   0.0
        D:3 |     143 |       0 |   0.0 |      25 |       0 |   0.0
        D:4 |      35 |       0 |   0.0 |       7 |       0 |   0.0
            +---------+---------+-------+---------+---------+-------
